 Dungeon Crawl Stone Soup version 0.27.1-33-g824d729ab1 (webtiles) character file.

Game seed: 1924895501366481096

214 safid the Chopper (level 5, -1/45 HPs)
             Began as a Hill Orc Fighter on Dec 8, 2021.
             Slain by an orc wizard (4 damage)
             ... on level 3 of the Dungeon.
             The game lasted 00:04:19 (2657 turns).

safid the Chopper (Hill Orc Fighter)                Turns: 2657, Time: 00:04:20

Health: -1/45      AC:  6    Str: 20    XL:     5   Next: 92%
Magic:  5/5        EV:  7    Int:  8    God:
Gold:   104        SH:  0    Dex: 10    Spells: 4/4 levels left

rFire    + . .     SeeInvis .   a - +0 war axe
rCold    . . .     Faith    +   c - +0 kite shield
rNeg     . . .     Spirit   .   b - +0 scale mail
rPois    .         Reflect  .   (no helmet)
rElec    .         Harm     .   (no cloak)
rCorr    .         Rampage  .   (no gloves)
Will     .....                  (no boots)
Stlth    ..........             i - amulet of faith
HPRegen  0.15/turn              o - ring of protection from fire
MPRegen  0.09/turn              (no ring)

@: confused
A: no striking features
a: no special abilities


You were on level 3 of the Dungeon.
You visited 1 branch of the dungeon, and saw 3 of its levels.

You collected 104 gold pieces.

Inventory:

Hand Weapons
 a - a +0 war axe (weapon)
Armour
 b - a +0 scale mail (worn)
 c - a +0 kite shield (worn)
Jewellery
 i - an amulet of faith (around neck)
 o - a ring of protection from fire (left hand)
Scrolls
 g - 2 scrolls of identify {unknown}
 h - a scroll of summoning {unknown}
 j - a scroll of fear {unknown}
 k - a scroll of amnesia {unknown}
 l - a scroll of immolation {unknown}
 p - 3 scrolls of acquirement {unknown}
 q - a scroll of fog {unknown}
 r - a scroll of vulnerability {unknown}
Potions
 d - a potion of might
 e - 2 potions of resistance {unknown}
 f - a potion of attraction {unknown}
 m - a potion of curing {unknown}
 n - a potion of flight {unknown}
 s - a potion of lignification {unknown}
 t - a potion of brilliance {unknown}


   Skills:
 - Level 3.6 Fighting
 + Level 5.8 Axes
 - Level 3.2 Armour
 + Level 5.4 Shields


You had 4 spell levels left.
You didn't know any spells.
Your spell library was empty.

Dungeon Overview and Level Annotations

Branches:
Dungeon (3/15)

Altars:


Message History

The magic dart hits you.
You bump into the rock wall.
The orc wizard casts a spell.
The orc wizard flickers and vanishes!
Deactivating autopickup; reactivate with Ctrl-A.
You bump into the rock wall.
Something hits you.
* * * LOW HITPOINT WARNING * * *
You bump into the rock wall.
You hear some strange, mumbled words.
A magic dart appears from out of thin air!
The magic dart hits you.
* * * LOW HITPOINT WARNING * * *
You closely miss something.
You feel less confused. Something hits you but does no damage.
You closely miss something.
You hear some strange, mumbled words.
Something tries to affect you, but you resist.
You miss something. Something hits you.
* * * LOW HITPOINT WARNING * * *
Something hits you but does no damage.
You miss something. Something hits you.
* * * LOW HITPOINT WARNING * * *
You closely miss something.
You hear some strange, mumbled words.
You are confused.
You hear some strange, mumbled words.
Something tries to affect you, but you resist.
You completely miss something.
You hear some strange, mumbled words.
Something tries to affect you, but you resist.
You bump into the rock wall.
You hear some strange, mumbled words.
A puff of flame appears from out of thin air!
The puff of flame hits you. You resist.
* * * LOW HITPOINT WARNING * * *
You bump into the rock wall.
Something hits you.
* * * LOW HITPOINT WARNING * * *
You completely miss something. Something hits you.
You die...

####### .......
....... #.
.[.......##.
.........##.
.........##. ##
.........##. ..
##+###...##.######.###
.....##..##.....@{...#
.#.#..#..##..#####.#.#
#.#.#.').##..# #
.#.#..#..##..#
.....##..##..#
##+###..###..#
.......## #..#
.......# #..# ...(...#
#..#


There were no monsters in sight!

Vanquished Creatures
  An ice beast (D:3)
  An orc wizard (D:3)
  3 adders (D:3)
  3 worms
  A dart slug (D:1)
  2 orcs
  5 bats
  6 endoplasms
  8 goblins
  3 hobgoblins
  3 jackals (D:2)
  2 quokkas (D:1)
  6 ball pythons
  2 frilled lizards (D:2)
  7 kobolds
  10 rats
63 creatures vanquished.

Notes
Turn   | Place    | Note
-------+----------+-------------------------------------------
     0 | D:1      | safid the Hill Orc Fighter began the quest for the Orb.
     0 | D:1      | Reached XP level 1. HP: 19/19 MP: 1/1
   144 | D:1      | Reached XP level 2. HP: 23/26 MP: 2/2
   867 | D:2      | Reached XP level 3. HP: 31/31 MP: 3/3
  1278 | D:2      | Found a faded altar of an unknown god.
  1925 | D:3      | Noticed an ice beast
  1938 | D:3      | Killed an ice beast
  1939 | D:3      | Reached skill level 5 in Axes
  1939 | D:3      | Reached skill level 5 in Shields
  1939 | D:3      | Reached XP level 4. HP: 10/39 MP: 4/4
  1939 | D:3      | Reached XP level 5. HP: 12/45 MP: 5/5
  2657 | D:3      | Slain by an orc wizard

Illustrated notes

Levels and vault maps discovered:
D:1:      saegor_arrival_simple_c, layout_loops_ring, st_stairs_12
D:2:      layout_basic, hellmonk_ecumenical_altar_lost_god, minmay_surrounded
D:3:      layout_basic, minmay_box_of_dots

Skill      XL: |  1  2  3 |
---------------+----------+-----
Axes           | 3 5 |  5.8
Shields        | 5 |  5.4
Fighting       | |  3.6
Armour         | |  3.2

Action                   |  1- 3 |  4- 6 || total
-------------------------+-------+-------++-------
Melee: War axe           |   122 |    82 ||   204
Armor: Scale mail        |    41 |    23 ||    64
Dodge: Dodged            |    33 |    17 ||    50
Block: Kite shield       |    73 |    32 ||   105
